 Dungeon Crawl Stone Soup version 0.26.1-16-g4e020e15dc (webtiles) character file.

Game seed: 14992249092852591420

98 Froggeryz the Insei (level 4, -2/35 HPs)
             Began as a Draconian Transmuter on Mar 1, 2024.
             Killed from afar by an orc wizard (13 damage)
             ... with a puff of flame
             ... on level 3 of the Dungeon.
             The game lasted 00:01:51 (2326 turns).

Froggeryz the Insei (Draconian Transmuter)          Turns: 2326, Time: 00:01:51

Health: -2/35      AC:  6    Str: 12    XL:     4   Next: 44%
Magic:  6/7        EV: 12    Int: 13    God:
Gold:   153        SH:  0    Dex: 13    Spells: 6/7 levels left

rFire    . . .     SeeInvis .     - Unarmed
rCold    . . .     Faith    .   (no shield)
rNeg     . . .     Spirit   .   (armour unavailable)
rPois    .         Reflect  .   (helmet currently unavailable)
rElec    .         Harm     .   b - +0 cloak
rCorr    .         Rampage  .   (no gloves)
Will     .....                  (boots currently unavailable)
Stlth    +.........             (no amulet)
HPRegen  0.11/turn              (no ring)
MPRegen  0.10/turn              (no ring)

@: appendages
A: unfitting armour, horns 2, talons 2, cold-blooded, AC +5
a: End Transformation


You were on level 3 of the Dungeon.
You had grown temporary horns.
You had grown temporary talons.
You visited 1 branch of the dungeon, and saw 3 of its levels.

You collected 153 gold pieces.

Inventory:

Armour
 b - a +0 cloak (worn)
 f - a +0 pair of boots (melded)
 k - a +0 buckler
Wands
 m - a wand of polymorph (9)
Scrolls
 a - 4 scrolls of teleportation
Potions
 c - 2 potions of curing {unknown}
 d - a potion of brilliance {unknown}
 e - a potion of attraction {unknown}
 g - a potion of haste {unknown}
 h - 3 potions of might {unknown}
 i - a potion of heal wounds {unknown}
 j - 2 potions of degeneration {unknown}
 l - a potion of berserk rage {unknown}


   Skills:
 - Level 1.1 Fighting
 - Level 1.7 Dodging
 + Level 0.0 Shields
 * Level 5.3 Unarmed Combat
 - Level 2.0 Spellcasting
 - Level 2.0 Transmutations


You had 6 spell levels left.
You knew the following spells:

 Your Spells              Type           Power        Failure   Level
a - Beastly Appendage     Tmut           12%          11%         1

Your spell library contained the following spells:

 Spells                   Type           Power        Failure   Level
 Wereblood                Tmut           6%           17%         2
 Spider Form              Tmut/Pois      1%           45%         3
 Ice Form                 Ice/Tmut       3%           86%         4
 Blade Hands              Tmut           3%           97%         5


Dungeon Overview and Level Annotations

Branches:
Dungeon (3/15)

Altars:


Innate Abilities, Weirdness & Mutations

Your plain brown scales are hard. (AC +5)
You cannot fit into any form of body armour.
You are cold-blooded and may be slowed by cold attacks.
You have a pair of horns on your head.
You have razor-sharp toenails.


Message History

The orc wizard hits you but does no damage.
You are electrocuted!
You are too injured to fight recklessly!
You are too injured to fight recklessly!
You are too injured to fight recklessly!
You are too injured to fight recklessly!
You are too injured to fight recklessly!
You are too injured to fight recklessly!
You are too injured to fight recklessly!
You are too injured to fight recklessly!
Casting: Beastly Appendage (safe; 11% risk of failure)
Confirm with . or Enter, or press ? or * to list all spells.
You grow a pair of large bovine horns.
Your feet morph into talons.
Your +0 pair of boots melds into your body.
An orc comes into view.
You hit the orc. Your headbutt misses the orc. You punch the orc.
You kill the orc!
The orc wizard points at you and mumbles some strange words.
The puff of flame hits you!
You die...

## . #. #.###
#.)@# #o#o#######
## # #.......#
#####.
######..#####.....
#...##...####
.####.....###
#.........####
########.....#
#...#.##..


You could see an orc wizard and an orc.

Vanquished Creatures
  Crazy Yiuf (D:2)
  2 adders (D:2)
  A worm (D:2)
  3 dart slugs
  2 leopard geckos
  An orc (D:3)
  3 giant cockroaches
  5 goblins
  6 hobgoblins
  3 jackals (D:1)
  5 kobolds
  2 ball pythons
  2 bats (D:2)
  2 frilled lizards (D:1)
  3 rats
41 creatures vanquished.

Vanquished Creatures (others)
  A plant (D:1)
1 creature vanquished.

Grand Total: 42 creatures vanquished

Notes
Turn   | Place    | Note
-------+----------+-------------------------------------------
     0 | D:1      | Froggeryz the Draconian Transmuter began the quest for the
                  | Orb.
     0 | D:1      | Reached XP level 1. HP: 16/16 MP: 3/3
   289 | D:1      | Reached XP level 2. HP: 23/23 MP: 5/5
   755 | D:1      | Reached skill level 4 in Unarmed Combat
  1102 | D:1      | Reached XP level 3. HP: 28/28 MP: 6/6
  1889 | D:2      | Found a runed translucent door.
  1890 | D:2      | Noticed Crazy Yiuf
  2041 | D:2      | Killed Crazy Yiuf
  2042 | D:2      | Reached skill level 5 in Unarmed Combat
  2042 | D:2      | Reached XP level 4. HP: 22/35 MP: 5/7
  2326 | D:3      | Killed from afar by an orc wizard

Illustrated notes

Levels and vault maps discovered:
D:1:      ebering_hopf_link, layout_loops_cross, corexii_hall_statues_x,
          serial_bayou_pond_a, serial_bayou_lake_a
D:2:      layout_loops_ring, nrook_uturn, minmay_pentomino_x4,
          uniq_crazy_yiuf_cottage
D:3:      layout_rooms, nzn_wu_jian_council_hall, serial_co_window_serial,
          co_window_paths_a, co_window_corner_a, co_window_paths_b,
          co_window_corner_a, co_window_of_opportunity_a,
          co_window_of_opportunity_c, co_window_cross_2,
          co_window_unsneaky_path_a, glass_columns_c, glass_columns_a,
          glass_columns_c, glass_columns_a, minmay_surrounded

Skill      XL: |  1  2  3 |
---------------+----------+-----
Unarmed Combat | 4 5 |  5.3
Fighting       | |  1.1
Dodging        | |  1.7
Spellcasting   | |  2.0
Transmutations | |  2.0

Action                   |  1- 3 |  4- 6 || total
-------------------------+-------+-------++-------
Melee: Unarmed           |   140 |     9 ||   149
       Tailslap          |    10 |     2 ||    12
       Kick              |     5 |       ||     5
       Punch             |     1 |     1 ||     2
 Cast: Beastly Appendage |     1 |     1 ||     2
  Use: Scroll            |     3 |       ||     3
 Stab: Sleeping          |     1 |       ||     1
Armor: Skin              |    30 |     1 ||    31
Dodge: Dodged            |    73 |     3 ||    76
